Map: Deathaura LE

Players

Astrea

  • Race: Protoss Protoss
  • League: Master
  • Spawn Location: 11:00

Neeb - Winner!

  • Race: Protoss Protoss
  • Spawn Location: 5:00

Event: DreamHack SC2 Masters 2020 Winter

VOD

Have the link to the VOD?

Description

Time

  • Played on: Nov. 8, 2020, 6:22 p.m.
  • Length: 6:40

All games in this series

Show
View Real Time Build Order
Export as new Build Order

Astrea Protoss 

Build Orders: Double Forge 

Get SALT Encoding   

  12  0:00  Probe  
  13  0:12  Probe  
  14  0:17  Pylon  
  14  0:24  Probe (Chrono Boost)  
  15  0:36  Gateway  
  15  0:37  Probe (Chrono Boost)  
  16  0:44  Probe (Chrono Boost)  
  16  0:46  Assimilator  
  17  0:51  Probe  
  18  1:03  Probe  
  19  1:15  Probe  
  20  1:19  Forge  
  20  1:22  Zealot (Chrono Boost)  
  22  1:37  Pylon  
  22  1:39  Assimilator  
  22  1:41  Assimilator  
  22  1:43  Probe  
  23  1:55  Cybernetics Core, Probe  
  24  2:03  Zealot  
  24  2:05  Forge  
  23  2:34  Gateway  
  23  2:38  Gateway  
  23  2:40  Photon Cannon, Pylon  
  23  2:42  Photon Cannon  
  23  2:56  Stargate  
  23  2:57  Assimilator  
  24  3:02  Pylon  
  23  3:07  Pylon, Probe  
  24  3:16  Pylon  
  24  3:20  Probe  
  23  3:33  Stalker (Chrono Boost), Probe  
  26  3:45  Probe  
  27  3:51  Void Ray (Chrono Boost)  
  27  4:01  Pylon  
  31  4:18  Void Ray (Chrono Boost)  
  31  4:19  Probe  
  31  4:23  Cybernetics Core  
  37  4:40  Nexus  
  37  4:43  Probe  
  37  5:14  Pylon  
  38  5:15  Void Ray (Chrono Boost)  
  38  5:18  Pylon  
  37  5:26  Stalker  
  39  5:33  Gateway  
  39  5:37  Shield Battery x2  
  39  5:47  Void Ray (Chrono Boost)  
  39  5:49  Shield Battery  
  39  5:50  Shield Battery  
  43  6:02  Probe  
  43  6:09  Nexus  
  43  6:11  Pylon  
  43  6:14  Probe  
  44  6:26  Probe  
  49  6:36  Shield Battery  
Show
View Real Time Build Order
Export as new Build Order

Neeb Protoss - Winner!

Build Orders:  

Get SALT Encoding   

  12  0:00  Probe  
  13  0:12  Probe  
  14  0:24  Probe  
  15  0:35  Pylon  
  15  0:53  Gateway  
  15  0:54  Gateway  
  15  0:56  Forge  
  15  1:00  Probe  
  16  1:10  Pylon  
  16  1:20  Probe  
  17  1:27  Pylon  
  17  1:32  Probe  
  17  1:38  Zealot (Chrono Boost)  
  17  1:39  Zealot (Chrono Boost)  
  19  1:44  Probe  
  22  1:47  Pylon  
  22  1:56  Probe  
  22  1:57  Zealot  
  22  1:58  Zealot  
  27  2:08  Probe  
  28  2:19  Pylon  
  28  2:24  Photon Cannon  
  28  2:26  Zealot  
  30  2:31  Zealot  
  32  2:38  Probe  
  33  2:46  Cybernetics Core  
  33  2:50  Probe  
  34  3:02  Probe  
  35  3:07  Zealot x2  
  39  3:14  Probe  
  38  3:26  Probe  
  35  3:29  Nexus  
  35  3:38  Probe  
  36  3:51  Probe  
  36  3:53  Assimilator  
  37  3:58  Photon Cannon  
  37  4:03  Probe  
  37  4:04  Assimilator  
  37  4:06  Pylon  
  38  4:15  Probe  
  39  4:27  Probe  
  42  4:34  Photon Cannon  
  44  4:39  Probe  
  44  4:40  Photon Cannon  
  44  4:41  Stalker x2 (Chrono Boost)  
  45  4:45  Shield Battery  
  45  4:52  Shield Battery  
  45  5:03  Stalker x2 (Chrono Boost)  
  47  5:13  Probe  
  48  5:16  Probe  
  47  5:26  Probe  
  47  5:28  Probe  
  49  5:31  Stalker x2  
  49  5:32  Cybernetics Core  
  53  5:41  Probe  
  54  5:43  Pylon  
  54  5:45  Probe  
  54  5:48  Assimilator  
  55  5:51  Twilight Council  
  55  5:53  Probe  
  56  5:59  Probe (Chrono Boost)  
  56  6:01  Gateway  
  56  6:03  Gateway  
  57  6:10  Probe (Chrono Boost)  
  59  6:11  Probe (Chrono Boost)  
  59  6:13  Gateway  
  59  6:16  Gateway  
  61  6:18  Probe (Chrono Boost)  
  61  6:20  Probe (Chrono Boost)  
  61  6:23  Pylon  
  61  6:35  Shield Battery  
Tags
 
Add a new tag
Caveats
  • Supply blocks, unpowered buildings, or Contaminate may cause inaccurate times.
  • Supply counts are checked every 10 seconds.